AoeStats
← Lealcinho.23

Arena

510008015Analyzed
2v2 RM · 4d ago on Sep 29, 2026· 37m 58s· 4 players
Game mode
Random Map
Map size
Medium (4 player)
Population
200
Speed
Normal
Resources
Standard
Victory
Conquest
Starting age
Dark Age
Ending age
Imperial Age
RankedLock teamsTeams togetherTeam positionsShared explorationLock speedFull tech treeHidden civsTurbo modeCheats
Victory
Defeat
🇨🇱 Ethiopians · Chile
882
+14
🇨🇱 Vietnamese · Chile
882
+14
🇨🇴 Britons · Colombia
874
-24
🇺🇸 Varangians · United States
813
-13
ColeEcoBOOM
3:20 Loom
3:57 Loom
15:28 Feudal Age
16:20 Horse Collar
16:27 Double-Bit Axe
16:34 Stone Mining
16:38 Gold Mining
19:26 Wheelbarrow
18:36 Town Watch
23:54 Castle Age
21:54 Fletching
23:22 Forging
23:13 Scale Mail Armor
23:20 Scale Barding Armor
23:38 Padded Archer Armor
27:12 Heavy Plow
27:23 Bow Saw
27:50 Stone Shaft Mining
28:39 Bodkin Arrow
30:49 Hand Cart
33:59 Imperial Age
32:14 Squires
34:03 Chain Mail Armor
34:34 Iron Casting
37:06 Conscription
38:26 Two-Man Saw
38:44 Crop Rotation
39:17 Blast Furnace
fabianandresrestrepo
9:38 Feudal Age
18:11 Castle Age
27:14 Pikeman
27:54 Double-Bit Axe
35:06 Padded Archer Armor
34:58 Fletching
35:19 Forging
Fau10
11:03 Feudal Age
12:56 Loom
15:59 Castle Age
13:51 Double-Bit Axe
17:44 Bow Saw
17:16 Horse Collar
19:29 Heavy Plow
24:28 Gold Mining
25:16 Wheelbarrow
26:22 Hand Cart
29:19 Imperial Age
29:13 Ballistics
29:45 Bloodlines
31:07 Two-Man Saw
30:39 Crop Rotation
29:36 Cavalier
30:16 Husbandry
30:54 Scale Barding Armor
30:49 Scale Mail Armor
31:00 Forging
30:40 Fletching
30:50 Padded Archer Armor
32:03 Elite Rattan Archer
33:35 Chain Barding Armor
33:30 Chain Mail Armor
34:51 Chain Mail Armor
34:05 Capped Ram
35:57 Plate Barding Armor
35:44 Leather Archer Armor
35:25 Bodkin Arrow
36:05 Iron Casting
35:37 Pikeman
36:18 Squires
36:03 Arson
37:31 Plate Mail Armor
38:04 Paper Money
37:45 Chatras
37:26 Halberdier
Lealcinho.23
5:30 Loom
10:48 Feudal Age
15:58 Castle Age
19:23 Double-Bit Axe
25:15 Bow Saw
34:29 Imperial Age
Connection lost

Rejoining the realm…

Still unreachable

The connection could not be restored.

Session expired

The server has moved on; the page needs a fresh start.